TOP OF THE 1ST |
Greenville Drive batting - Pitching for Lexington Legends : RHP Jerry Yusko
|
Pitching: RHP Jerry Yusko
|
|
Batting: LHB Robert Gonzalez
|
0-0: Swinging Strike 0-1: Ball 1-1: Ball 2-1: Ground out 4-3 (Groundball, 4, EV 94.4 MPH)
|
Batting: SHB Matsudaira Ikeda
|
0-0: SINGLE (Groundball, 6D, EV 105.0 MPH)
|
Batting: RHB Alex Cardenas
|
0-0: Ball Matsudaira Ikeda is caught stealing 2nd base 2-4 1-0: Called Strike 1-1: Swinging Strike 1-2: Foul Ball, location: 2F 1-2: Foul Ball, location: 2F 1-2: Ball 2-2: Foul Ball, location: 2F 2-2: Ball 3-2: Strikes out swinging
|
Top of the 1st over - 0 runs, 1 hit, 0 errors, 0 left on base; Greenville 0 - Lexington 0 |
BOTTOM OF THE 1ST |
Lexington Legends batting - Pitching for Greenville Drive : RHP Dan Jenkins
|
Pitching: RHP Dan Jenkins
|
|
Batting: LHB Efrem Isaev
|
0-0: Ball 1-0: Ball 2-0: Foul Ball, location: 2F 2-1: Called Strike 2-2: SINGLE (Groundball, 5D, EV 103.8 MPH)
|
Batting: RHB Jonas Fernandez
|
0-0: Called Strike Efrem Isaev steals 2nd base 0-1: Ground out 6-3 (Groundball, 6, EV 79.4 MPH) Efrem Isaev to third
|
Batting: LHB Edgar Ortiz
|
0-0: Ball 1-0: Fly out, F9 (Flyball, 9, EV 87.5 MPH) Runner from 3rd tags up, SCORES, throw by RF
|
Batting: RHB Chang-keun Baik
|
0-0: Swinging Strike 0-1: Foul Ball, location: 2F 0-2: Strikes out swinging
|
Bottom of the 1st over - 1 run, 1 hit, 0 errors, 0 left on base; Greenville 0 - Lexington 1 |
TOP OF THE 2ND |
Greenville Drive batting - Pitching for Lexington Legends : RHP Jerry Yusko
|
Batting: LHB Eddie Contreras
|
0-0: Fly out, F7 (Flyball, 7S, EV 88.8 MPH)
|
Batting: RHB Mario Arriero
|
0-0: Ball 1-0: Ball 2-0: Called Strike 2-1: Swinging Strike 2-2: Fly out, F9 (Line Drive, 89M, EV 86.2 MPH)
|
Batting: RHB Adugna Chandu
|
0-0: Called Strike 0-1: Ball 1-1: Foul Ball, location: 2F 1-2: Ball 2-2: Foul Ball, location: 2F 2-2: Strikes out swinging
|
Top of the 2nd over - 0 runs, 0 hits, 0 errors, 0 left on base; Greenville 0 - Lexington 1 |
BOTTOM OF THE 2ND |
Lexington Legends batting - Pitching for Greenville Drive : RHP Dan Jenkins
|
Batting: LHB Vicente Hernandez
|
0-0: Swinging Strike 0-1: Called Strike 0-2: Strikes out swinging
|
Batting: RHB David Rubio
|
0-0: Ball 1-0: Ball 2-0: Called Strike 2-1: Foul Ball, location: 2F 2-2: Foul Ball, location: 2F 2-2: Strikes out looking
|
Batting: LHB Shohei Nishi
|
0-0: Ball 1-0: Ball 2-0: Called Strike 2-1: Foul Ball, location: 2F 2-2: Foul Ball, location: 2F 2-2: Ball 3-2: Foul Ball, location: 2F 3-2: Strikes out looking and he physically ARGUES THE CALL AND IS TOSSED!
|
Bottom of the 2nd over - 0 runs, 0 hits, 0 errors, 0 left on base; Greenville 0 - Lexington 1 |
TOP OF THE 3RD |
Greenville Drive batting - Pitching for Lexington Legends : RHP Jerry Yusko
|
Now in RF: Josh Dalton
|
|
Batting: RHB Matt Parker
|
0-0: Ball 1-0: Ball 2-0: Ball 3-0: Base on Balls
|
Batting: LHB Carlos Guerra
|
0-0: Ball 1-0: Fielders Choice at 2nd, 4-6 (Groundball, 34, EV 82.5 MPH)
|
Batting: RHB Josh Smith
|
0-0: Ball Carlos Guerra is caught stealing 2nd base 2-4 1-0: Ball 2-0: Called Strike 2-1: Foul Ball, location: 2F 2-2: Foul Ball, location: 2F 2-2: Strikes out looking
|
Top of the 3rd over - 0 runs, 0 hits, 0 errors, 0 left on base; Greenville 0 - Lexington 1 |
BOTTOM OF THE 3RD |
Lexington Legends batting - Pitching for Greenville Drive : RHP Dan Jenkins
|
Batting: RHB Ian Hornsby
|
0-0: Foul Ball, location: 2F 0-1: Called Strike 0-2: Ground out 4-3 (Groundball, 4, EV 79.4 MPH)
|
Batting: LHB David Bearden
|
0-0: Swinging Strike 0-1: Ball 1-1: Ball 2-1: TRIPLE (Flyball, 89XD, EV 106.2 MPH)
|
Batting: LHB Efrem Isaev
|
0-0: SINGLE (Line Drive, 7S, EV 93.1 MPH) David Bearden scores
|
Batting: RHB Jonas Fernandez
|
0-0: Ball Efrem Isaev steals 2nd base 1-0: Ball 2-0: Called Strike 2-1: Foul Ball, location: 2F 2-2: Fly out, F7 (Flyball, 78M, EV 88.1 MPH)
|
Batting: LHB Edgar Ortiz
|
0-0: Ball 1-0: Ball 2-0: Ball 3-0: Called Strike 3-1: Called Strike 3-2: Foul Ball, location: 2F 3-2: Strikes out swinging
|
Bottom of the 3rd over - 1 run, 2 hits, 0 errors, 1 left on base; Greenville 0 - Lexington 2 |
TOP OF THE 4TH |
Greenville Drive batting - Pitching for Lexington Legends : RHP Jerry Yusko
|
Batting: LHB Robert Gonzalez
|
0-0: Foul Ball, location: 2F 0-1: Ball 1-1: Foul Ball, location: 2F 1-2: TRIPLE (Line Drive, 9D, EV 107.5 MPH)
|
Batting: SHB Matsudaira Ikeda
|
0-0: Ball 1-0: Ball 2-0: Called Strike 2-1: Ball 3-1: Called Strike 3-2: Foul Ball, location: 2F 3-2: Fly out, F9 (Flyball, 89M, EV 96.9 MPH)
|
Batting: RHB Alex Cardenas
|
0-0: Called Strike 0-1: Foul Ball, location: 2F 0-2: Strikes out looking
|
Batting: LHB Eddie Contreras
|
0-0: Foul Ball, location: 2F 0-1: Called Strike 0-2: Ball 1-2: Fly out, F8 (Flyball, 8RM, EV 91.2 MPH)
|
Top of the 4th over - 0 runs, 1 hit, 0 errors, 1 left on base; Greenville 0 - Lexington 2 |
BOTTOM OF THE 4TH |
Lexington Legends batting - Pitching for Greenville Drive : RHP Dan Jenkins
|
Batting: RHB Chang-keun Baik
|
0-0: Ball 1-0: Fly out, F9 (Flyball, 89S, EV 92.5 MPH)
|
Batting: LHB Vicente Hernandez
|
0-0: Ball 1-0: Ball 2-0: SINGLE (Flyball, 8RS, EV 93.1 MPH)
|
Batting: RHB David Rubio
|
0-0: Called Strike 0-1: Foul Ball, location: 2F 0-2: Fielders Choice at 2nd, 1-6 (Groundball, 13, EV 65.6 MPH)
|
Batting: LHB Josh Dalton
|
0-0: Called Strike 0-1: Foul Ball, location: 2F 0-2: Ball David Rubio is caught stealing 2nd base 2-6
|
Bottom of the 4th over - 0 runs, 1 hit, 0 errors, 0 left on base; Greenville 0 - Lexington 2 |
TOP OF THE 5TH |
Greenville Drive batting - Pitching for Lexington Legends : RHP Jerry Yusko
|
Batting: RHB Mario Arriero
|
0-0: Ball 1-0: Called Strike 1-1: SINGLE (Groundball, 56D, EV 104.4 MPH)
|
Batting: RHB Adugna Chandu
|
0-0: Called Strike 0-1: Called Strike 0-2: Ball 1-2: Ball 2-2: SINGLE (Line Drive, 4D, EV 106.9 MPH) Mario Arriero to second
|
Batting: RHB Matt Parker
|
0-0: Ball 1-0: Ball 2-0: Ball 3-0: Called Strike 3-1: DOUBLE (Flyball, 78D, EV 100.6 MPH) Mario Arriero scores Adugna Chandu to third
|
Batting: LHB Carlos Guerra
|
0-0: Ball 1-0: Called Strike 1-1: SINGLE (Groundball, 34D, EV 105.6 MPH) Adugna Chandu scores Matt Parker to third
|
Batting: RHB Josh Smith
|
0-0: Fly out, F4 (Line Drive, 34, EV 70.0 MPH)
|
Batting: LHB Robert Gonzalez
|
0-0: Fielders Choice at 2nd, 4-6 (Groundball, 4, EV 88.1 MPH) Matt Parker scores
|
Batting: SHB Matsudaira Ikeda
|
0-0: Ball Robert Gonzalez is caught stealing 2nd base 2-6
|
Top of the 5th over - 3 runs, 4 hits, 0 errors, 0 left on base; Greenville 3 - Lexington 2 |
BOTTOM OF THE 5TH |
Lexington Legends batting - Pitching for Greenville Drive : RHP Dan Jenkins
|
Batting: LHB Josh Dalton
|
0-0: Swinging Strike 0-1: Foul Ball, location: 2F 0-2: Strikes out looking
|
Batting: RHB Ian Hornsby
|
0-0: Ground out 6-3 (Groundball, 6, EV 80.0 MPH)
|
Batting: LHB David Bearden
|
0-0: Ball 1-0: Ball 2-0: Fly out, F5 (Line Drive, 56, EV 66.2 MPH)
|
Bottom of the 5th over - 0 runs, 0 hits, 0 errors, 0 left on base; Greenville 3 - Lexington 2 |
TOP OF THE 6TH |
Greenville Drive batting - Pitching for Lexington Legends : RHP Jerry Yusko
|
Pitching: RHP Justin Potts
|
|
Batting: SHB Matsudaira Ikeda
|
0-0: Called Strike 0-1: SINGLE (Groundball, 34D, EV 102.5 MPH)
|
Batting: RHB Alex Cardenas
|
0-0: Ball Balk! Matsudaira Ikeda to second 1-0: Ball 2-0: Ball 3-0: Called Strike 3-1: Foul Ball, location: 2F 3-2: Base on Balls
|
Batting: LHB Eddie Contreras
|
0-0: Called Strike 0-1: Ball 1-1: Foul Ball, location: 2F 1-2: Ball 2-2: Grounds into double play, 4-6-3 (Groundball, 4MD, EV 83.8 MPH) Matsudaira Ikeda to third
|
Batting: RHB Mario Arriero
|
0-0: Foul Ball, location: 2F 0-1: Ball Wild Pitch! Matsudaira Ikeda scores 1-1: Ball 2-1: Foul Ball, location: 2F 2-2: Ground out U3 (Groundball, 34, EV 92.5 MPH)
|
Top of the 6th over - 1 run, 1 hit, 0 errors, 0 left on base; Greenville 4 - Lexington 2 |
BOTTOM OF THE 6TH |
Lexington Legends batting - Pitching for Greenville Drive : RHP Dan Jenkins
|
Batting: LHB Efrem Isaev
|
0-0: Ball 1-0: Ball 2-0: Called Strike 2-1: Foul Ball, location: 2F 2-2: Foul Ball, location: 2F 2-2: Strikes out swinging
|
Batting: RHB Jonas Fernandez
|
0-0: Swinging Strike 0-1: Called Strike 0-2: Strikes out swinging
|
Batting: LHB Edgar Ortiz
|
0-0: Ball 1-0: Called Strike 1-1: DOUBLE (Line Drive, 9LD, EV 111.2 MPH)
|
Batting: RHB Chang-keun Baik
|
0-0: Ball 1-0: Called Strike 1-1: Foul Ball, location: 2F 1-2: DOUBLE (Groundball, 5L, EV 105.6 MPH) Edgar Ortiz scores
|
Batting: LHB Vicente Hernandez
|
0-0: Called Strike 0-1: Ball 1-1: SINGLE (Line Drive, 4M, EV 93.8 MPH) Chang-keun Baik to third
|
Pitching: RHP Jon Olivo
|
|
Batting: RHB David Rubio
|
0-0: Called Strike 0-1: Ball 1-1: Ball 2-1: Fly out, F8 (Flyball, 89M, EV 86.9 MPH)
|
Bottom of the 6th over - 1 run, 3 hits, 0 errors, 2 left on base; Greenville 4 - Lexington 3 |
TOP OF THE 7TH |
Greenville Drive batting - Pitching for Lexington Legends : RHP Justin Potts
|
Pitching: RHP Danny Zuniga
|
|
Batting: RHB Adugna Chandu
|
0-0: Swinging Strike 0-1: Foul Ball, location: 2F 0-2: Foul Ball, location: 2F 0-2: Strikes out looking
|
Batting: RHB Matt Parker
|
0-0: Ball 1-0: Ground out 5-3 (Groundball, 56, EV 106.9 MPH)
|
Batting: LHB Carlos Guerra
|
0-0: Called Strike 0-1: Ball 1-1: Ball 2-1: Ball 3-1: Called Strike 3-2: Foul Ball, location: 2F 3-2: Strikes out looking
|
Top of the 7th over - 0 runs, 0 hits, 0 errors, 0 left on base; Greenville 4 - Lexington 3 |
BOTTOM OF THE 7TH |
Lexington Legends batting - Pitching for Greenville Drive : RHP Jon Olivo
|
Batting: LHB Josh Dalton
|
0-0: Called Strike 0-1: Swinging Strike 0-2: Strikes out swinging
|
Batting: RHB Ian Hornsby
|
0-0: Ground out 4-3 (Groundball, 4, EV 105.0 MPH)
|
Batting: LHB David Bearden
|
0-0: Ball 1-0: Called Strike 1-1: Ground out U3 (Groundball, 34, EV 86.2 MPH)
|
Bottom of the 7th over - 0 runs, 0 hits, 0 errors, 0 left on base; Greenville 4 - Lexington 3 |
TOP OF THE 8TH |
Greenville Drive batting - Pitching for Lexington Legends : RHP Danny Zuniga
|
Batting: RHB Josh Smith
|
0-0: Called Strike 0-1: Ball 1-1: Foul Ball, location: 2F 1-2: Strikes out swinging
|
Batting: LHB Robert Gonzalez
|
0-0: Called Strike 0-1: Ball 1-1: Ball 2-1: Swinging Strike 2-2: Strikes out swinging
|
Batting: SHB Matsudaira Ikeda
|
0-0: Ball 1-0: Fly out, F3 (Popup, 3SF, EV 73.1 MPH)
|
Top of the 8th over - 0 runs, 0 hits, 0 errors, 0 left on base; Greenville 4 - Lexington 3 |
BOTTOM OF THE 8TH |
Lexington Legends batting - Pitching for Greenville Drive : RHP Jon Olivo
|
Batting: LHB Efrem Isaev
|
0-0: Ball 1-0: Foul Ball, location: 2F 1-1: Foul Ball, location: 2F 1-2: Strikes out swinging
|
Batting: RHB Jonas Fernandez
|
0-0: Ball 1-0: Fly out, F7 (Flyball, 78S, EV 87.5 MPH)
|
Pitching: LHP Roald van Erkel
|
|
Batting: LHB Edgar Ortiz
|
0-0: Swinging Strike 0-1: SINGLE (Groundball, 34D, EV 103.8 MPH)
|
Batting: RHB Chang-keun Baik
|
0-0: Foul Ball, location: 2F 0-1: Called Strike 0-2: Ball 1-2: Foul Ball, location: 2F 1-2: Ball 2-2: Strikes out swinging
|
Bottom of the 8th over - 0 runs, 1 hit, 0 errors, 1 left on base; Greenville 4 - Lexington 3 |
TOP OF THE 9TH |
Greenville Drive batting - Pitching for Lexington Legends : RHP Danny Zuniga
|
Pitching: RHP Mike Galvin
|
|
Pinch Hitting: SHB Salvador Padilla
|
0-0: Ball 1-0: Fly out, F9 (Flyball, 9D, EV 88.1 MPH)
|
Batting: LHB Eddie Contreras
|
0-0: Ball 1-0: Called Strike 1-1: Ball 2-1: SINGLE (Groundball, 4MS, EV 68.1 MPH) (infield hit)
|
Batting: RHB Mario Arriero
|
0-0: Ball 1-0: Ball 2-0: Ball 3-0: Called Strike 3-1: Foul Ball, location: 2F 3-2: Base on Balls Eddie Contreras to second
|
Pinch Runner at 2nd Guillermo Quintero:
|
|
Pinch Hitting: LHB Kien-lung Zou
|
0-0: Ball 1-0: Ball 2-0: Ball 3-0: Base on Balls Guillermo Quintero to third Mario Arriero to second
|
Pitching: RHP Oscar Cisneros
|
|
Batting: RHB Matt Parker
|
0-0: Ball 1-0: Ball 2-0: Called Strike 2-1: Foul Ball, location: 2F 2-2: Foul Ball, location: 2F 2-2: Fly out, F9 (Flyball, 89S, EV 71.2 MPH)
|
Batting: LHB Carlos Guerra
|
0-0: Ball 1-0: Ball 2-0: SINGLE (Groundball, 4MD, EV 98.1 MPH) (infield hit) Guillermo Quintero scores Mario Arriero to third Kien-lung Zou to second
|
Batting: RHB Josh Smith
|
0-0: DOUBLE (Line Drive, 78D, EV 103.1 MPH) Mario Arriero scores Kien-lung Zou scores Carlos Guerra to third Runner from 3rd tries for Home, SAFE, throw by CF to home
|
Batting: LHB Robert Gonzalez
|
0-0: Called Strike 0-1: DOUBLE (Line Drive, 78D, EV 106.9 MPH) Josh Smith scores
|
Batting: SHB Matsudaira Ikeda
|
0-0: Ball 1-0: Ball 2-0: Foul Ball, location: 2F 2-1: Ball 3-1: Foul Ball, location: 2F 3-2: Ground out 6-3 (Groundball, 6, EV 87.5 MPH)
|
Top of the 9th over - 5 runs, 4 hits, 0 errors, 1 left on base; Greenville 9 - Lexington 3 |
BOTTOM OF THE 9TH |
Lexington Legends batting - Pitching for Greenville Drive : LHP Roald van Erkel
|
Now at 1B: Kien-lung Zou
|
|
Now at 2B: Matt Parker
|
|
Now at 3B: Salvador Padilla
|
|
Batting: LHB Vicente Hernandez
|
0-0: Swinging Strike 0-1: Called Strike 0-2: Ball 1-2: Strikes out swinging
|
Batting: RHB David Rubio
|
0-0: Ball 1-0: Ground out 6-3 (Groundball, 6, EV 107.5 MPH)
|
Batting: LHB Josh Dalton
|
0-0: SOLO HOME RUN (Flyball, 9D, EV 98.1 MPH), Distance : 378 ft
|
Batting: RHB Ian Hornsby
|
0-0: Called Strike 0-1: Called Strike 0-2: Foul Ball, location: 2F 0-2: Ball 1-2: Ball 2-2: Strikes out swinging
|
Bottom of the 9th over - 1 run, 1 hit, 0 errors, 0 left on base; Greenville 9 - Lexington 4 |
|